 Dungeon Crawl Stone Soup version 0.28-a0-1429-gf3d713df7a (webtiles) character file.

Game seed: 13162015155595425974

20 HallandMoats the Skirmisher (level 2, 0/24 HPs)
             Began as a Demonspawn Fighter on Jan 9, 2022.
             Succumbed to an adder's poison
             ... on level 2 of the Dungeon.
             The game lasted 00:01:29 (815 turns).

HallandMoats the Skirmisher (Demonspawn Fighter)     Turns: 815, Time: 00:01:30

Health: 0/24       AC:  6    Str: 16    XL:     2   Next: 58%
Magic:  2/2        EV:  9    Int:  9    God:
Gold:   0          SH:  4    Dex: 12    Spells: 1/1 levels left

rFire   . . .      SeeInvis .   a - +0 war axe
rCold   . . .      Faith    .   c - +0 buckler
rNeg    . . .      Spirit   .   b - +0 scale mail
rPois   .          Reflect  .   (helmet restricted)
rElec   .          Harm     .   (no cloak)
rCorr   .          Rampage  .   (no gloves)
Will    .....                   (no boots)
Stlth   ..........              (no amulet)
HPRegen 0.08/turn               (no ring)
MPRegen 0.08/turn               (no ring)

@: lethally poisoned (0 -> -8), attractive
A: horns 1
a: no special abilities


You were on level 2 of the Dungeon.
You visited 1 branch of the dungeon, and saw 2 of its levels.

Inventory:

Hand Weapons
 a - a +0 war axe (weapon)
Armour
 b - a +0 scale mail (worn)
 c - a +0 buckler (worn)
 e - a +0 pair of boots
Potions
 d - a potion of might
 g - 2 potions of attraction
 h - a potion of flight {unknown}


   Skills:
 + Level 3.1 Fighting
 + Level 2.0 Axes
 + Level 2.8 Armour
 + Level 0.6 Dodging
 * Level 3.0 Shields


You had one spell level left.
You didn't know any spells.
Your spell library was empty.

Dungeon Overview and Level Annotations

Branches:
Dungeon (2/15)

Altars:

Shops:
D:1 =


Innate Abilities, Weirdness & Mutations

You have a pair of small horns on your head.


Message History

The adder poisons you! The adder closely misses you.
There's nothing to open nearby.
You hit the adder.
The adder is moderately wounded.
You feel sick. The adder bites you but does no damage. The adder bites you.
You are more poisoned.
The adder poisons you!
You hit the adder. You headbutt the adder.
The adder is heavily wounded.
You feel very sick. The adder bites you but does no damage.
The adder barely misses you.
You are too injured to fight recklessly!
You are too injured to fight recklessly!
You are too injured to fight recklessly!
You are too injured to fight recklessly!
You are too injured to fight recklessly!
You are too injured to fight recklessly!
Okay, then.
Unknown command.
Okay, then.
Throw: throwing net
Press: ? - help, Q - select action Shift-Dir - straight line, f - adder
Aim: an adder (heavily wounded, 38% to hit)
You throw a throwing net.
The throwing net barely misses the adder.
* * * LOW HITPOINT WARNING * * *
You feel sick. The adder bites you but does no damage.
You completely miss the adder.
The adder is heavily wounded.
You feel sick. The adder barely misses you. x2
You hit the adder.
The adder is severely wounded.
* * * LOW HITPOINT WARNING * * *
You feel sick. The adder bites you.
* * * LOW HITPOINT WARNING * * *
You are more poisoned.
The adder poisons you! The adder barely misses you.
It was a potion of attraction.
You feel attractive to monsters.
You die...

...
#.#
#.#
#.#
#.#
#.#
#.###
#...#
#<#@#
#.#S#
#.#.#
#.#.#
#.#.#
#.#.#
#.#.#
#.#(#


You could see an adder.

Vanquished Creatures
  A ball python (D:1)
  4 endoplasms (D:1)
  2 giant cockroaches (D:1)
  A goblin (D:1)
  3 hobgoblins (D:1)
  3 bats (D:1)
  A frilled lizard (D:1)
  A kobold (D:1)
  A rat (D:1)
17 creatures vanquished.

Notes
Turn   | Place    | Note
-------+----------+-------------------------------------------
     0 | D:1      | HallandMoats the Demonspawn Fighter began the quest for the
                  | Orb.
     0 | D:1      | Reached XP level 1. HP: 18/18 MP: 1/1
   234 | D:1      | Gained mutation: You have a pair of small horns on your
                  | head. [demonic ancestry]
   234 | D:1      | Reached XP level 2. HP: 23/24 MP: 2/2
   331 | D:1      | Found Picsoom's Jewellery Boutique.
   814 | D:2      | HP: 1/24 [adder (3)]
   815 | D:2      | Succumbed to an adder's poison

Illustrated notes

Levels and vault maps discovered:
D:1:      grunt_arrival_lava_bath, layout_loops_ring, serial_shops,
          shop_fountains
D:2:      minmay_razor_zed, layout_basic, serial_shops, nicolae_shop_stone,
          basic_ecumenical_altar, minmay_tromino_i4, uniq_sigmund, uniq_natasha

Skill      XL: |  1  2 |
---------------+-------+-----
Axes           | 2 |  2.0
Shields        | 3 |  3.0
Fighting       | |  3.1
Armour         | |  2.8
Dodging        | |  0.6

Action                   || total
-------------------------++-------
Melee: War axe           ||    49
       Headbutt          ||     8
Throw: Throwing net      ||     1
  Use: Potion            ||     1
Armor: Scale mail        ||    24
Dodge: Dodged            ||    28
Block: Buckler           ||     8

Table legend: (Time is in decaauts)
 A = Elapsed time spent in this place.
 B = Non-inter-level travel time spent in this place.
 C = Inter-level travel time spent in this place.
 D = Time resting spent in this place.
 E = Time spent auto-exploring this place.
 F = Levels seen in this place.
 G = Mean time per level.
                   A        B        C        D        E       F      G
               +--------+--------+--------+--------+--------+-----+--------+
         Total |    836 |    805 |     31 |      0 |    668 |   2 |  418.0 |
       Dungeon |    836 |    805 |     31 |      0 |    668 |   2 |  418.0 |
               +--------+--------+--------+--------+--------+-----+--------+

Top non-repeatable levels by time:
     D:1: 818 daAuts
     D:2: 17 daAuts
